 Dungeon Crawl Stone Soup version 0.19.5 (webtiles) character file.

20 hawthorn the Charmwright (level 2, 0/24 HPs)
             Began as a Draconian Skald on Apr 15, 2017.
             Slain by a jackal (1 damage)
             ... on level 2 of the Dungeon on Apr 16, 2017.
             The game lasted 00:03:51 (687 turns).

hawthorn the Charmwright (Draconian Skald)           Turns: 687, Time: 00:03:54

Health: 0/24       AC:  4    Str: 14    XL:     2   Next: 58%
Magic:  1/5        EV: 12    Int: 12    God:
Gold:   57         SH:  0    Dex: 10    Spells: 2 memorised, 2 levels left

rFire  . . .     SeeInvis .     a - +0 spear
rCold  . . .     Gourm    .     (armour unavailable)
rNeg   . . .     Faith    .     (no shield)
rPois  .         Spirit   .     (helmet restricted)
rElec  .         Reflect  .     (no cloak)
rCorr  .         Harm     .     (no gloves)
MR     .....                    (no boots)
Stlth  +.........               (no amulet)
                                (no ring)
                                (no ring)

@: lethally poisoned (0 -> -4), very slightly contaminated
A: unfitting armour, cold-blooded, AC +4
a: no special abilities


You were on level 2 of the Dungeon.
You were not hungry.

You visited 1 branch of the dungeon, and saw 2 of its levels.

You collected 57 gold pieces.

Inventory:

Hand Weapons
 a - a +0 spear (weapon)
Missiles
 e - 50 stones (quivered)
 g - 8 needles of confusion
 h - 26 arrows
Scrolls
 i - 3 scrolls of remove curse {unknown}
 k - a scroll of enchant armour {unknown}
Potions
 d - 2 potions of curing
 j - a potion of flight {unknown}
Books
 b - a book of Battle

   Spells                             Type                      Level
   a - Infusion                       Charms                       1
   b - Shroud of Golubria             Charms/Translocation         2
   c - Song of Slaying                Charms                       2
   d - Spectral Weapon                Hexes/Charms                 3
   e - Regeneration                   Charms/Necromancy            3
Comestibles
 c - 2 bread rations
 f - a beef jerky


   Skills:
 + Level 2.2 Fighting
 + Level 2.2 Polearms
 + Level 1.5 Dodging
 + Level 2.2 Spellcasting
 + Level 3.1 Charms


You had 2 spell levels left.
You knew the following spells:

 Your Spells              Type           Power        Failure   Level  Hunger
a - Infusion              Chrm           #...         10%         1    ##.....
b - Shroud of Golubria    Chrm/Tloc      #.........   21%         2    ###....


Dungeon Overview and Level Annotations

Branches:
Dungeon (2/15)

Altars:


Innate Abilities, Weirdness & Mutations

Your plain brown scales are hard. (AC +4)
You cannot fit into any form of body armour.
You are cold-blooded and may be slowed by cold attacks.


Message History

Casting: Shroud of Golubria
Confirm with . or Enter, or press ? or * to list all spells.
You don't know that spell.
Casting: Shroud of Golubria
Confirm with . or Enter, or press ? or * to list all spells.
You miscast Shroud of Golubria.
You are very lightly contaminated with residual magic.
Nothing appears to happen.
The hobgoblin closely misses you. The jackal bites you. The adder misses you.
You completely miss the adder.
You feel sick. The jackal barely misses you. The adder closely misses you.
The hobgoblin hits you but does no damage.
A frilled lizard comes into view.
You barely miss the adder. You tail-slap the adder.
The adder is lightly wounded.
The jackal closely misses you. The adder completely misses you.
The hobgoblin hits you with a club!
* * * LOW HITPOINT WARNING * * *
The jackal bites you.
You die...

.# #.#### ..%..
#.#.. #)#.#
#.#.# #
#######.#.##.#.#
#.....Sgg.......
#.###.@hh.......
#####..)....
#.l.... ......
..... ...#. ....
..#.


You could see an adder, 2 jackals, a hobgoblin, a goblin and a frilled lizard.

Vanquished Creatures
  A dart slug (D:1)
  A leopard gecko (D:1)
  3 bats (D:1)
  A giant cockroach (D:1)
  A goblin (D:1)
  3 hobgoblins (D:1)
  2 kobolds (D:1)
  3 rats (D:1)
15 creatures vanquished.

Notes
Turn   | Place    | Note
-------+----------+-------------------------------------------
     0 | D:1      | hawthorn the Draconian Skald began the quest for the Orb.
     0 | D:1      | Reached XP level 1. HP: 17/17 MP: 3/3
   103 | D:1      | Reached skill level 3 in Charms
   122 | D:1      | Reached XP level 2. HP: 17/24 MP: 0/5
   211 | D:1      | Learned a level 2 spell: Shroud of Golubria
   687 | D:2      | HP: 1/24 [hobgoblin/club (7)]
   687 | D:2      | Slain by a jackal

Skill      XL: |  1 |
---------------+----+-----
Charms         | 3 |  3.1
Fighting       | |  2.2
Polearms       | |  2.2
Dodging        | |  1.5
Spellcasting   | |  2.2

Action                   || total
-------------------------++-------
Melee: Spear             ||    57
       Tailslap          ||     4
 Cast: Infusion          ||     2
       Shroud of Golubri ||     1
  Use: Scroll            ||     1
       Potion            ||     1
Armor: Skin              ||    26
Dodge: Dodged            ||    42
